General information
- name: BNet
- type: Ladder team game (AT/RT)
- host: Battle.net
- saver: Intolerance
map: DragonFalls
- players: 8
- length: 39:18
- speed: Fast
- version: 1.26 W3XP
- replay type: Public
» download(238 KB)
Players
team 1 (loser)

»
FlintPINstitch (
pink | 37 APM | 1279 actions | 34:23)
1 Archmage
1 Summon Water Elemental
5 Pandaren Brewmaster
1 Breath of Fire
1 Drunken Haze
3 Drunken Brawler
4 Tauren Chieftain
2 Endurance Aura
1 War Stomp
1 Shockwave
» actions
| Assign group hotkey | 23 | |
| Basic commands | 52 | |
| Build / train | 118 | |
| Enter build submenu | 35 | |
| Enter hero's abilities submenu | 10 | |
| Give item / drop item | 2 | |
| Right click | 272 | |
| Select / deselect | 448 | |
| Select group hotkey | 183 | |
| Use ability | 136 | |
1279 total
» units
| Peasant | 6 | |
| Peon | 19 | |
| Footman | 2 | |
| Grunt | 7 | |
| Rifleman | 2 | |
| Goblin Shredder | 1 | |
| Troll Batrider | 14 | |
| Raider | 5 | |
| Troll Witch Doctor | 5 | |
| Demolisher | 5 | |
| Dragonhawk Rider | 1 | |
67 total
» upgrades
| Armor | 3 | |
| Melee Weapons | 2 | |
| Berserker Strength | 1 | |
| Pillage | 1 | |
| Ranged Weapons | 3 | |
| Ensnare | 1 | |
| Witch Doctor Training | 2 | |
| Reinforced Defenses | 1 | |
| Cloud | 1 | |
| Burning Oil | 1 | |
| Plating | 1 | |
| Liquid Fire | 1 | |
18 total
» buildings
| Farm | 4 | |
| Altar of Kings | 1 | |
| Orc Burrow | 6 | |
| Barracks | 2 | |
| Altar of Storms | 1 | |
| War Mill | 1 | |
| Blacksmith | 1 | |
| Stronghold | 1 | |
| Voodoo Lounge | 3 | |
| Keep | 1 | |
| Watch Tower | 11 | |
| Great Hall | 1 | |
| Beastiary | 2 | |
| Fortress | 1 | |
| Spirit Lodge | 1 | |
| Gryphon Aviary | 1 | |
38 total
» build order
00:13 Farm
00:30 Altar of Kings
00:35 Orc Burrow
00:43 Barracks
00:51 Barracks
00:57 Farm
01:16 Altar of Storms
01:38 War Mill
01:52 Farm
02:26 Orc Burrow
02:57 Blacksmith
03:58 Farm
04:12 Stronghold
04:16 Voodoo Lounge
04:41 Keep
05:18 Orc Burrow
05:22 Watch Tower
06:31 Orc Burrow
08:31 Great Hall
09:19 Beastiary
09:50 Orc Burrow
11:00 Fortress
11:55 Watch Tower
11:58 Watch Tower
12:16 Spirit Lodge
12:56 Beastiary
14:06 Watch Tower
14:11 Voodoo Lounge
15:31 Watch Tower
16:04 Orc Burrow
16:16 Watch Tower
16:23 Watch Tower
16:30 Watch Tower
16:43 Watch Tower
17:43 Watch Tower
17:49 Voodoo Lounge
19:08 Gryphon Aviary
21:33 Watch Tower
» items
| Scroll of Speed | 4 | |
| Healing Salve | 5 | |
| Lesser Clarity Potion | 2 | |
| Potion of Mana | 1 | |
| Scroll of Town Portal | 2 | |
| Orb of Lightning | 1 | |
| Scroll of Protection | 1 | |
| Potion of Lesser Invulnerability | 1 | |
17 total

»
gogeta0321 (
orange | 44 APM | 1562 actions | 35:40)
6 Far Seer
3 Feral Spirit
2 Chain Lighting
1 Earth Quake
3 Tauren Chieftain
2 Endurance Aura
1 War Stomp
3 Shadow Hunter
1 Healing Wave
2 Hex
» actions
| Assign group hotkey | 17 | |
| Build / train | 68 | |
| Enter build submenu | 34 | |
| Enter hero's abilities submenu | 12 | |
| Right click | 516 | |
| Select / deselect | 492 | |
| Select group hotkey | 353 | |
| Use ability | 70 | |
1562 total
» units
| Peon | 15 | |
| Grunt | 6 | |
| Shaman | 6 | |
| Troll Witch Doctor | 2 | |
| Tauren | 2 | |
31 total
» upgrades
| Armor | 3 | |
| Pillage | 1 | |
| Melee Weapons | 3 | |
| Spiked Barricades | 2 | |
| Ranged Weapons | 3 | |
| Berserker Strength | 1 | |
| Troll Regeneration | 1 | |
| Shaman Training | 2 | |
| Witch Doctor Training | 2 | |
| Reinforced Defenses | 1 | |
| Pulverize | 1 | |
20 total
» buildings
| Orc Burrow | 8 | |
| Altar of Storms | 1 | |
| Barracks | 1 | |
| War Mill | 1 | |
| Voodoo Lounge | 1 | |
| Watch Tower | 12 | |
| Stronghold | 1 | |
| Great Hall | 3 | |
| Fortress | 1 | |
| Spirit Lodge | 2 | |
| Tauren Totem | 2 | |
33 total
» build order
00:22 Orc Burrow
00:37 Altar of Storms
01:21 Barracks
01:47 Orc Burrow
02:36 Orc Burrow
02:53 War Mill
03:47 Voodoo Lounge
04:46 Watch Tower
04:56 Orc Burrow
06:01 Watch Tower
06:05 Stronghold
07:58 Watch Tower
08:51 Great Hall
08:55 Fortress
09:05 Spirit Lodge
09:51 Watch Tower
09:57 Watch Tower
12:15 Spirit Lodge
13:21 Orc Burrow
13:36 Orc Burrow
14:35 Orc Burrow
15:57 Orc Burrow
17:20 Watch Tower
17:24 Watch Tower
17:41 Watch Tower
17:51 Tauren Totem
18:40 Tauren Totem
18:55 Watch Tower
22:09 Watch Tower
22:41 Great Hall
22:51 Watch Tower
22:54 Watch Tower
31:21 Great Hall
ffernandes (
yellow | 95 APM | 3732 actions | 39:17)
10 Tauren Chieftain
3 Endurance Aura
3 War Stomp
1 Reincarnation
3 Shockwave
2 Archmage
1 Brilliance Aura
1 Summon Water Elemental
» actions
| Assign group hotkey | 62 | |
| Basic commands | 201 | |
| Build / train | 148 | |
| ESC pressed | 10 | |
| Enter build submenu | 61 | |
| Enter hero's abilities submenu | 13 | |
| Remove unit from queue | 1 | |
| Right click | 1008 | |
| Select / deselect | 1103 | |
| Select group hotkey | 946 | |
| Use ability | 179 | |
3732 total
» units
| Peon | 24 | |
| Footman | 1 | |
| Troll Headhunter/Berserker | 12 | |
| Rifleman | 5 | |
| Peasant | 2 | |
| Mortar Team | 3 | |
| Sorceress | 2 | |
| Demolisher | 3 | |
| Shaman | 7 | |
| Siege Engine | 11 | |
| Dragonhawk Rider | 5 | |
| Troll Batrider | 3 | |
| Tauren | 12 | |
| Troll Witch Doctor | 1 | |
91 total
» upgrades
| Ranged Weapons | 3 | |
| Gunpowder | 3 | |
| Plating | 2 | |
| Long Rifles | 1 | |
| Armor | 1 | |
| Flare | 1 | |
| Lumber Harvesting | 1 | |
| Troll Regeneration | 1 | |
| Berserker Upgrade | 1 | |
| Shaman Training | 2 | |
| Burning Oil | 1 | |
| Sorceress Training | 1 | |
| Fragmentation Shards | 1 | |
| Barrage | 1 | |
| Cloud | 1 | |
| Pulverize | 1 | |
| Melee Weapons | 3 | |
| Witch Doctor Training | 1 | |
26 total
» buildings
| Altar of Storms | 1 | |
| Orc Burrow | 12 | |
| War Mill | 2 | |
| Barracks | 2 | |
| Blacksmith | 2 | |
| Lumber Mill | 1 | |
| Arcane Vault | 2 | |
| Voodoo Lounge | 1 | |
| Watch Tower | 5 | |
| Great Hall | 1 | |
| Stronghold | 3 | |
| Farm | 11 | |
| Workshop | 3 | |
| Arcane Sanctum | 1 | |
| Fortress | 1 | |
| Spirit Lodge | 1 | |
| Castle | 1 | |
| Gryphon Aviary | 1 | |
| Beastiary | 1 | |
| Tauren Totem | 4 | |
56 total
» build order
00:05 Altar of Storms
00:08 Orc Burrow
00:48 War Mill
01:24 Barracks
02:03 Orc Burrow
02:11 Orc Burrow
02:34 Blacksmith
02:36 Blacksmith
02:39 Lumber Mill
02:55 Barracks
03:58 Arcane Vault
03:59 Arcane Vault
04:17 Voodoo Lounge
04:20 Watch Tower
04:21 Watch Tower
04:25 Watch Tower
04:45 Great Hall
06:38 Stronghold
06:38 Stronghold
06:38 Stronghold
06:52 Farm
06:57 Farm
07:07 Workshop
07:45 Watch Tower
07:49 Watch Tower
08:10 Arcane Sanctum
08:31 Orc Burrow
08:35 Orc Burrow
08:47 Farm
08:59 Fortress
11:00 Spirit Lodge
11:09 Castle
11:14 Farm
12:08 Orc Burrow
14:39 Orc Burrow
15:49 Workshop
15:54 Gryphon Aviary
15:56 Farm
15:57 Farm
15:58 Farm
15:59 Farm
15:59 Farm
16:01 Farm
16:03 Farm
16:21 Beastiary
18:51 Workshop
20:49 Orc Burrow
20:50 Orc Burrow
20:51 Orc Burrow
20:53 Orc Burrow
20:55 Orc Burrow
21:07 Tauren Totem
21:09 Tauren Totem
21:47 Tauren Totem
21:52 Tauren Totem
23:28 War Mill
» items
| Healing Salve | 3 | |
| Orb of Lightning | 1 | |
| Potion of Healing | 3 | |
| Scroll of Town Portal | 1 | |
| Scroll of Speed | 1 | |
9 total
team 2 (winner)
rage_cage (
teal | 65 APM | 2569 actions | 39:17)
8 Warden
3 Shadow Strike
3 Blink
1 Spirit of Vengeance
1 Fan of Knives
7 Priestess of the Moon
3 Trueshot Aura
3 Scout
1 Starfall
» actions
| Assign group hotkey | 34 | |
| Basic commands | 202 | |
| Build / train | 107 | |
| ESC pressed | 10 | |
| Enter build submenu | 22 | |
| Enter hero's abilities submenu | 16 | |
| Give item / drop item | 5 | |
| Right click | 1082 | |
| Select / deselect | 554 | |
| Select group hotkey | 403 | |
| Use ability | 134 | |
2569 total
» units
| Wisp | 21 | |
| Archer | 11 | |
| Furbolg Shaman | 1 | |
| Druid of the Talon | 3 | |
| Druid of the Claw | 22 | |
| Dryad | 8 | |
66 total
» upgrades
| Improved Bows | 1 | |
| Strength of the Wild | 4 | |
| Strength of the Moon | 2 | |
| Druid of the Claw Training | 2 | |
| Reinforced Hides | 3 | |
| Mark of the Claw | 1 | |
| Abolish Magic | 1 | |
| Ultravision | 1 | |
15 total
» buildings
| Altar of Elders | 1 | |
| Moon Well | 9 | |
| Ancient of War | 1 | |
| Tree of Ages | 2 | |
| Ancient of Wonders | 1 | |
| Ancient of Wind | 1 | |
| Tree of Eternity | 1 | |
| Hunter's Hall | 1 | |
| Ancient of Lore | 2 | |
| Ancient Protector | 2 | |
| Tree of Life | 2 | |
23 total
» build order
00:12 Altar of Elders
00:19 Moon Well
00:25 Ancient of War
01:29 Moon Well
03:18 Tree of Ages
03:18 Tree of Ages
04:51 Moon Well
05:04 Ancient of Wonders
06:27 Ancient of Wind
06:28 Tree of Eternity
07:03 Moon Well
08:37 Hunter's Hall
09:46 Ancient of Lore
09:54 Ancient of Lore
11:21 Moon Well
11:25 Moon Well
11:29 Moon Well
11:32 Ancient Protector
17:18 Moon Well
17:23 Moon Well
17:52 Tree of Life
21:15 Ancient Protector
35:56 Tree of Life
» items
| Potion of Healing | 4 | |
| Scroll of Town Portal | 1 | |
| Dust of Appearance | 1 | |
6 total
Intolerance (
green | 61 APM | 2410 actions | 39:18)
10 Blademaster
3 Wind Walk
3 Critical Strike
1 Bladestorm
3 Mirror Image
» actions
| Assign group hotkey | 136 | |
| Basic commands | 31 | |
| Build / train | 76 | |
| Enter build submenu | 79 | |
| Enter hero's abilities submenu | 10 | |
| Give item / drop item | 4 | |
| Remove unit from queue | 2 | |
| Right click | 1238 | |
| Select / deselect | 427 | |
| Select group hotkey | 211 | |
| Use ability | 196 | |
2410 total
» units
| Peon | 12 | |
| Grunt | 4 | |
| Goblin Shredder | 2 | |
| Goblin Zeppelin | 2 | |
| Green Dragon | 6 | |
| Troll Witch Doctor | 1 | |
| Raider | 3 | |
30 total
» upgrades
| Reinforced Defenses | 1 | |
| Ranged Weapons | 3 | |
| Armor | 3 | |
| Spiked Barricades | 3 | |
| Melee Weapons | 2 | |
| Envenomed Spears | 1 | |
| Liquid Fire | 1 | |
| Ensnare | 1 | |
| Troll Regeneration | 1 | |
| Burning Oil | 1 | |
| Pillage | 1 | |
18 total
» buildings
| Orc Burrow | 6 | |
| Altar of Storms | 1 | |
| Barracks | 1 | |
| Voodoo Lounge | 4 | |
| Stronghold | 3 | |
| War Mill | 2 | |
| Great Hall | 5 | |
| Watch Tower | 65 | |
| Fortress | 1 | |
| Spirit Lodge | 1 | |
| Beastiary | 6 | |
95 total
» build order
00:13 Orc Burrow
00:36 Altar of Storms
00:51 Barracks
01:20 Orc Burrow
01:52 Voodoo Lounge
02:47 Stronghold
03:02 Orc Burrow
03:52 War Mill
04:29 Great Hall
05:09 Watch Tower
05:14 Watch Tower
06:23 Watch Tower
06:23 Watch Tower
06:29 Watch Tower
08:33 Great Hall
08:42 Watch Tower
08:42 Watch Tower
09:01 Fortress
09:36 Orc Burrow
09:38 Watch Tower
09:42 Watch Tower
09:43 Watch Tower
10:04 Watch Tower
10:05 Watch Tower
11:53 Watch Tower
11:54 Watch Tower
11:56 Watch Tower
11:57 Watch Tower
12:06 War Mill
13:39 Watch Tower
13:41 Watch Tower
13:42 Watch Tower
13:42 Watch Tower
13:45 Watch Tower
13:48 Watch Tower
13:50 Watch Tower
14:48 Spirit Lodge
15:36 Beastiary
15:37 Beastiary
15:41 Beastiary
15:42 Beastiary
16:24 Beastiary
16:27 Beastiary
27:00 Great Hall
27:02 Watch Tower
27:02 Watch Tower
27:02 Watch Tower
27:03 Watch Tower
27:14 Watch Tower
27:18 Watch Tower
27:20 Watch Tower
27:21 Watch Tower
27:22 Watch Tower
27:24 Watch Tower
29:25 Watch Tower
29:26 Watch Tower
29:26 Watch Tower
29:26 Watch Tower
29:26 Watch Tower
30:23 Great Hall
30:27 Watch Tower
30:27 Watch Tower
30:28 Watch Tower
30:29 Watch Tower
30:29 Watch Tower
30:30 Watch Tower
30:30 Watch Tower
30:31 Watch Tower
30:31 Watch Tower
32:54 Orc Burrow
33:52 Orc Burrow
34:11 Stronghold
35:27 Watch Tower
35:56 Great Hall
35:58 Voodoo Lounge
36:00 Watch Tower
36:00 Watch Tower
36:01 Watch Tower
36:01 Watch Tower
36:02 Watch Tower
36:03 Watch Tower
36:04 Watch Tower
36:35 Watch Tower
36:37 Watch Tower
36:38 Watch Tower
36:46 Watch Tower
36:47 Watch Tower
36:49 Watch Tower
36:50 Watch Tower
37:11 Voodoo Lounge
38:02 Watch Tower
38:03 Watch Tower
38:03 Watch Tower
38:32 Stronghold
38:42 Voodoo Lounge
» items
| Healing Salve | 6 | |
| Lesser Clarity Potion | 1 | |
| Staff of Teleportation | 1 | |
| Orb of Corruption | 1 | |
| Scroll of Town Portal | 2 | |
11 total

»
PleaseWork (
purple | 30 APM | 1186 actions | 39:17)
6 Death Knight
3 Death Coil
2 Unholy Aura
1 Animate Dead
» actions
| Build / train | 58 | |
| Enter build submenu | 24 | |
| Enter hero's abilities submenu | 6 | |
| Right click | 619 | |
| Select / deselect | 429 | |
| Use ability | 48 | |
1186 total
» units
| Acolyte | 9 | |
| Ghoul | 6 | |
| Crypt Fiend | 8 | |
| Frost Wyrm | 11 | |
34 total
» upgrades
| Creature Attack | 3 | |
| Creature Carapace | 3 | |
| Web | 1 | |
| Ghoul Frenzy | 1 | |
| Freezing Breath | 1 | |
9 total
» buildings
| Altar of Darkness | 1 | |
| Crypt | 2 | |
| Ziggurat | 9 | |
| Graveyard | 2 | |
| Halls of the Dead | 1 | |
| Tomb of Relics | 1 | |
| Sacrificial Pit | 1 | |
| Nerubian Tower | 2 | |
| Spirit Tower | 2 | |
| Black Citadel | 1 | |
| Boneyard | 4 | |
26 total
» build order
00:34 Altar of Darkness
00:39 Crypt
00:44 Ziggurat
01:12 Graveyard
01:44 Ziggurat
03:13 Halls of the Dead
03:40 Tomb of Relics
05:17 Ziggurat
05:58 Sacrificial Pit
06:45 Ziggurat
07:42 Nerubian Tower
07:43 Spirit Tower
07:47 Ziggurat
07:50 Black Citadel
08:46 Ziggurat
09:45 Ziggurat
09:50 Ziggurat
09:53 Ziggurat
09:59 Nerubian Tower
10:26 Boneyard
10:29 Boneyard
10:31 Boneyard
11:42 Graveyard
21:02 Boneyard
23:22 Crypt
37:52 Spirit Tower
» items
quinnisugly (
blue | 23 APM | 887 actions | 39:17)
1 Mountain King
1 Storm Bolt
» actions
| Basic commands | 2 | |
| Build / train | 174 | |
| Enter build submenu | 39 | |
| Enter hero's abilities submenu | 1 | |
| Right click | 391 | |
| Select / deselect | 237 | |
| Use ability | 43 | |
887 total
» units
| Peasant | 6 | |
| Flying Machine | 155 | |
161 total
» upgrades
| Lumber Harvesting | 2 | |
| Flak Cannons | 1 | |
| Flying Machine Bombs | 1 | |
| Gunpowder | 3 | |
| Plating | 1 | |
8 total
» buildings
| Blacksmith | 2 | |
| Lumber Mill | 2 | |
| Farm | 12 | |
| Keep | 2 | |
| Altar of Kings | 2 | |
| Workshop | 3 | |
| Castle | 1 | |
| Scout Tower | 3 | |
| Town Hall | 3 | |
| Gryphon Aviary | 2 | |
32 total
» build order
00:24 Blacksmith
01:42 Lumber Mill
02:10 Farm
02:32 Keep
02:44 Altar of Kings
02:58 Farm
03:52 Farm
03:59 Farm
04:32 Farm
05:07 Workshop
05:14 Farm
06:00 Farm
06:17 Castle
06:45 Scout Tower
07:25 Scout Tower
08:19 Workshop
12:55 Farm
13:38 Farm
14:35 Scout Tower
16:43 Farm
17:26 Farm
21:32 Lumber Mill
23:28 Town Hall
29:16 Gryphon Aviary
29:59 Gryphon Aviary
31:08 Town Hall
33:23 Town Hall
33:29 Farm
35:29 Keep
35:46 Blacksmith
37:52 Workshop
38:34 Altar of Kings
Chat log
(00:16 / All) rage_cage: sry:/
(00:22 / Allies) PleaseWork: ?
(00:40 / Allies) rage_cage: 3v4
(00:53 / Allies) PleaseWork: oh yeah
(01:11 / Allies) quinnisugly: ill make gyro, unless people have a better suggestion
(01:28 / Allies) PleaseWork: I'll go frosties
(01:44 / Allies) Intolerance: I am the dragon master
(02:03 / Allies) Intolerance: gold please, for dragon master
(02:23 / All) Intolerance: You will ALL die by my hand
(02:29 / Allies) rage_cage: they are rushing
(02:32 / Allies) rage_cage: careful
(02:51 / Allies) PleaseWork: teal units?
(02:55 / Allies) rage_cage: arch
(03:03 / Allies) PleaseWork: kk
(03:11 / Allies) rage_cage: to whatever we need
(04:01 / Allies) PleaseWork: I'm gonna take that gold mine
(05:24 / Allies) rage_cage: u can use my wells
(05:25 / Allies) rage_cage: purp
(05:33 / Allies) PleaseWork: oh thnx
(07:14 / Allies) rage_cage: better share that gold purp
(07:24 / Allies) PleaseWork: going to use it for frosties
(07:44 / Allies) quinnisugly: anyone need gold
(08:09 / Allies) PleaseWork: yo blue get more workshops and get more copters
(10:44 / Allies) PleaseWork: If anybody has extra lumber I might definitely need it
(12:23 / Allies) PleaseWork: Alright, here we go :3
(13:22 / Allies) quinnisugly: i got gyros for days
(13:28 / Allies) PleaseWork: 100 lumber plz
(13:38 / Allies) PleaseWork: Who has our melee? Lol
(13:52 / Allies) rage_cage: me
(13:58 / Allies) PleaseWork: oh okay
(14:08 / Allies) quinnisugly: that would have been rough haha
(14:18 / Allies) PleaseWork: Quite xD
(14:49 / Allies) rage_cage: wanna hit/
(14:51 / Allies) PleaseWork: They are getting mainly ranged units, we definitely need that melee
(15:04 / Allies) PleaseWork: Uhh sure
(15:24 / Allies) PleaseWork: Waiting for 2 more wyrms first
(15:24 / Allies) rage_cage: workin on it
(15:38 / Allies) PleaseWork: Upgrade
(16:05 / Allies) PleaseWork: yo green, what are you going to get for units?
(16:09 / Allies) PleaseWork: You have 5k gold lol
(16:11 / Allies) Intolerance: dragons
(16:18 / Allies) rage_cage: lol
(16:25 / Allies) PleaseWork: Ummm you can't just get dragons
(16:31 / Allies) PleaseWork: it takes a really long time to get another one
(16:38 / Allies) Intolerance: I have patience
(16:44 / Allies) PleaseWork: oh lord
(16:49 / Allies) PleaseWork: lol the game doesn't though
(17:02 / Allies) quinnisugly: i got airsupport...
(17:28 / Allies) PleaseWork: Alright using 95 food
(17:29 / Allies) rage_cage: lets hit
(17:32 / Allies) PleaseWork: can't get anymore wyrms
(17:38 / Allies) PleaseWork: yo green and blue come
(18:19 / Allies) rage_cage: bring dragon green
(18:26 / Allies) Intolerance: he's chillin'
(18:31 / Allies) Intolerance: he'll only attack if provoked
(18:33 / Allies) rage_cage: w/e
(18:34 / Allies) rage_cage: lets go
(18:46 / Allies) PleaseWork: I think green's screwing with us xD
(19:04 / Allies) PleaseWork: he's saved up 8k gold and taken the dragon from us
(19:25 / Allies) Intolerance: It's mine, I bought him
(19:33 / Allies) Intolerance: It's k if you mirin my dragon
(20:45 / Allies) rage_cage: gotta b
(21:51 / Allies) rage_cage: upgrade ur gyros plz
(21:58 / Allies) rage_cage: or build gry[phons
(22:09 / Allies) PleaseWork: Upgrade the flying machines 3 times
(22:18 / Allies) rage_cage: just dont let them get expos
(22:20 / Allies) rage_cage: and were good
(22:25 / Allies) rage_cage: dont letn the,
(22:38 / Allies) rage_cage: tanks are destroying ur gyro
(22:41 / Allies) PleaseWork: Damn just ran out of my beginning gold mine
(22:49 / Allies) PleaseWork: Yeah and they are getting hawks
(22:53 / Allies) PleaseWork: I might just go fiends
(22:58 / Allies) rage_cage: thats fine
(23:01 / Allies) rage_cage: or combo
(23:40 / Allies) rage_cage: go pick off shamans
(23:41 / Allies) rage_cage: with bm
(23:42 / Allies) rage_cage: green
(23:42 / Allies) Intolerance: tanks
(23:49 / Allies) rage_cage: get the shams
(23:52 / Allies) rage_cage: u can kill em
(24:17 / Allies) PleaseWork: Nice lvl 9
(24:36 / Allies) rage_cage: lol green
(24:41 / Allies) rage_cage: plz giv some gold and lumber
(24:44 / Allies) rage_cage: u have 20k
(24:49 / Allies) rage_cage: and 2 of the expos
(24:50 / Allies) PleaseWork: Can I have some gold please?
(24:58 / Allies) rage_cage: just troll a little less
(25:01 / Allies) rage_cage: ;D
(25:51 / All) Intolerance: leave this is my g old mine orange
(26:03 / All) Intolerance: ty
(26:09 / All) Intolerance: you netted and saved my dragons
(26:13 / Allies) quinnisugly: upgraded attk
(26:24 / Allies) rage_cage: blue come
(26:26 / Allies) PleaseWork: get defense too
(26:26 / Allies) rage_cage: tooj expo
(26:28 / Allies) rage_cage: we gotta kill
(26:36 / All) Intolerance: Let me have the expansion, OR ELSE
(26:52 / All) ffernandes: ORANGE NOOOB
(26:56 / All) ffernandes: FUCKING THE GAME
(27:34 / All) PleaseWork: I'm pretty sure green's here to troll lol
(27:42 / All) rage_cage: and dragon
(27:46 / All) Intolerance: dragon master
(27:53 / All) PleaseWork: He's got 18.9k gold and 3.2k lumber
(28:03 / Allies) quinnisugly: where we going
(28:04 / All) Intolerance: GET OFF MY LAND
(28:09 / Allies) PleaseWork: kill the hawks
(28:53 / All) Intolerance: FUCKING SCUMBAG
(29:02 / All) Intolerance: Don't make me get raiders!
(29:16 / Allies) rage_cage: blue
(29:18 / Allies) rage_cage: u do nothing
(29:20 / Allies) rage_cage: plz build units
(29:25 / Allies) rage_cage: ur worse than greeen here
(29:30 / Allies) quinnisugly: building gryphs now
(29:33 / Allies) rage_cage: k
(29:49 / Allies) rage_cage: they have no gold
(29:51 / Allies) rage_cage: we kill them hre
(29:52 / Allies) rage_cage: we win
(30:09 / Allies) PleaseWork: green mass raiders plz?
(31:27 / Allies) PleaseWork: dude green mass
(31:33 / Allies) rage_cage: lol
(31:58 / Allies) rage_cage: coe pour[p
(31:58 / Allies) rage_cage: now
(32:00 / Allies) rage_cage: come
(32:26 / Allies) PleaseWork: Ugh too many tanks
(32:34 / All) rage_cage: gg
(32:34 / All) ffernandes: pink and orange
(32:37 / All) ffernandes: sohh fucking nooob
(33:00 / Allies) rage_cage: purp
(33:01 / Allies) rage_cage: go attack
(33:02 / Allies) PleaseWork: coming with like 9 wyrms
(33:03 / Allies) rage_cage: useless
(33:03 / All) gogeta0321: how about sharing gold instead of bitching and asking for lumber every 5 minutes
(33:11 / Allies) rage_cage: go kill yellow
(33:12 / Allies) rage_cage: purp
(33:13 / Allies) rage_cage: go
(33:16 / All) Intolerance: you murdered one of my dragons
(33:20 / All) Intolerance: I will have my revenge, red
(33:38 / Allies) PleaseWork: gimme a sec
(33:40 / Allies) rage_cage: come purp
(33:42 / Allies) rage_cage: follow
(33:44 / Allies) PleaseWork: won't help much if he kills my wyrms
(33:50 / Allies) rage_cage: iots opver
(33:52 / Allies) rage_cage: they have no gold
(33:53 / Allies) rage_cage: come
(34:17 / Allies) quinnisugly: who need lumber
(35:22 / All) rage_cage: u wont get past greens dragons yellow
(35:26 / All) rage_cage: its impassable
(35:56 / Allies) PleaseWork: I'm gonna go save my town
(36:07 / Allies) quinnisugly: im going to try to make those seige things
(36:12 / Allies) PleaseWork: jeezus green
(36:18 / Allies) PleaseWork: so much gold lol
(36:24 / All) rage_cage: 22k gold LOL